AoeStats
← Vanilla

Nomad

510550075Analyzed
4v4 RM · 23h ago on Oct 1, 2026· 28m 16s· 8 players
Game mode
Random Map
Map size
231×231
Population
200
Speed
Normal
Resources
Standard
Victory
Conquest
Starting age
Dark Age
Ending age
Imperial Age
RankedLock teamsTeams togetherTeam positionsShared explorationLock speedFull tech treeHidden civsTurbo modeCheats
Victory
Defeat
🇨🇳 Turks · China
986
+16
🇨🇳 Bohemians · China
967
+17
🇨🇳 Huns · China
957
+17
🇨🇳 Magyars · China
930
+18
🇬🇧 Bulgarians · United Kingdom
1008
-18
🇬🇧 Franks · United Kingdom
1007
-18
🇮🇹 Mongols · Italy
978
-17
🇫🇷 Japanese · France
935
-15
41839751
3:47 Loom
17:05 Feudal Age
18:38 Wheelbarrow
17:49 Horse Collar
18:37 Fishing Lines
21:02 Town Watch
21:12 Double-Bit Axe
21:35 Stone Mining
21:39 Gold Mining
25:17 Castle Age
26:53 Bow Saw
26:46 Heavy Plow
27:29 Hand Cart
28:14 Gillnets
29:04 Gold Shaft Mining
1829032
4:59 Loom
13:34 Feudal Age
14:49 Double-Bit Axe
17:46 Fletching
Vanilla
10:46 Loom
17:58 Feudal Age
19:25 Wheelbarrow
18:59 Fishing Lines
21:05 Double-Bit Axe
24:21 Castle Age
25:14 Gillnets
26:48 Bow Saw
28:35 Stone Mining
Oliver
7:33 Loom
13:49 Feudal Age
14:23 Double-Bit Axe
15:23 Horse Collar
16:22 Fishing Lines
21:23 Castle Age
21:48 Town Watch
22:25 Bow Saw
26:43 Heavy Plow
27:46 Chemistry
26:54 Murder Holes
29:31 Chemistry
i aM Dixon x
13:54 Loom
17:18 Feudal Age
21:51 Castle Age
20:05 Fletching
20:17 Padded Archer Armor
20:12 Stone Mining
20:23 Double-Bit Axe
21:46 Wheelbarrow
23:24 Bodkin Arrow
25:30 Murder Holes
Gin
13:47 Feudal Age
13:15 Loom
16:38 Double-Bit Axe
19:20 Castle Age
17:52 Fishing Lines
18:16 Gold Mining
18:25 Fletching
22:35 Bow Saw
25:04 Wheelbarrow
26:59 Bodkin Arrow
jo.desmettre
3:55 Loom
13:42 Feudal Age
Tigger
13:04 Feudal Age
15:09 Horse Collar
17:39 Double-Bit Axe
23:37 Castle Age
22:03 Gold Mining
22:40 Scale Mail Armor
22:58 Fletching
23:06 Stone Mining
25:07 Gold Shaft Mining
25:00 Bow Saw
24:59 Heavy Plow
Connection lost

Rejoining the realm…

Still unreachable

The connection could not be restored.

Session expired

The server has moved on; the page needs a fresh start.